 Dungeon Crawl Stone Soup version 0.21-a0-634-gaf8bc5d (webtiles) character file.

42 VirginKiller the Charmwright (level 3, -2/29 HPs)
             Began as a Demigod Skald on Dec 29, 2017.
             Slain by Sigmund
             ... wielding a +0 scythe
              (6 damage)
             ... on level 2 of the Dungeon.
             The game lasted 00:07:19 (697 turns).

VirginKiller the Charmwright (Demigod Skald)         Turns: 697, Time: 00:07:20

Health: -2/29      AC:  4    Str: 16    XL:     3   Next: 19%
Magic:  6/8        EV: 12    Int: 17    God:
Gold:   67         SH:  0    Dex: 15    Spells: 0/6 levels left

rFire    . . .     SeeInvis .     - Unarmed
rCold    . . .     Gourm    .   (no shield)
rNeg     . . .     Faith    .   a - +0 leather armour
rPois    .         Spirit   .   e - +0 helmet (curse)
rElec    .         Reflect  .   (no cloak)
rCorr    .         Harm     .   (no gloves)
MR       .....                  (no boots)
Stlth    +.........             (no amulet)
HPRegen  0.09/turn              (no ring)
MPRegen  0.11/turn              (no ring)

@: no status effects
A: high mp 1
a: no special abilities


You were on level 2 of the Dungeon.
You were not hungry.

You visited 1 branch of the dungeon, and saw 2 of its levels.

You collected 67 gold pieces.

Inventory:

Missiles
 d - 12 arrows
Armour
 a - a +0 leather armour (worn)
 e - a cursed +0 helmet (worn)
Scrolls
 f - a scroll of identify {unknown}
 g - 2 scrolls of random uselessness {unknown}
 h - a scroll of remove curse {unknown}
 i - a scroll of blinking {unknown}
Books
 b - a book of Battle

   Spells                             Type                      Level
   a - Infusion                       Charms                       1
   b - Shroud of Golubria             Charms/Translocation         2
   c - Song of Slaying                Charms                       2
   d - Spectral Weapon                Hexes/Charms                 3
   e - Regeneration                   Charms/Necromancy            3
Comestibles
 c - 2 rations
 j - a chunk of flesh


   Skills:
 - Level 1.7 Fighting
 - Level 0.8 Armour
 - Level 1.7 Dodging
 - Level 1.7 Unarmed Combat
 - Level 2.1 Spellcasting
 - Level 3.7 Charms
 * Level 0.4 Necromancy


You couldn't memorise any spells.
You knew the following spells:

 Your Spells              Type           Power        Failure   Level  Hunger
a - Infusion              Chrm           ##..         4%          1    #......
b - Song of Slaying       Chrm           ##......     8%          2    ###....
c - Regeneration          Chrm/Necr      #.........   30%         3    ###....


Dungeon Overview and Level Annotations

Branches:
Dungeon (2/15)

Annotations:
D:2 Sigmund


Innate Abilities, Weirdness & Mutations

You have an increased reservoir of magic. (+10% MP)


Message History

The leopard gecko bites you but does no damage.
You hit the leopard gecko.
You kill the leopard gecko!
Your song has ended.
You closely miss the jackal.
The jackal bites you but does no damage.
You barely miss the jackal. The jackal barely misses you. Something hits you!
* * * LOW HITPOINT WARNING * * *
The jackal bites you but does no damage.
The jackal barely misses you.
You see here a bat skeleton.
The jackal barely misses you. Something hits you but does no damage.
You aren't carrying any potions.
The jackal closely misses you.
Okay, then.
The jackal closely misses you. The jackal bites you.
* * * LOW HITPOINT WARNING * * *
Something hits you.
You die...

#.#...##..# #.#.......
#.#.....# #.#....###
#.#......# ..... #####.#...#
..... #.........# .....
#....)....### #...
#.........@.## ...
#...........h## ##.#
#..........[..###..#
#.................#########
#######........###.....รท...
##.[.........########
#.....####### #<......#
#..>....#


You could see a jackal.

Vanquished Creatures
  2 adders (D:2)
  A leopard gecko (D:2)
  A giant cockroach (D:1)
  3 goblins (D:1)
  3 hobgoblins
  2 jackals (D:2)
  A quokka (D:2)
  3 bats
  3 frilled lizards (D:2)
  4 kobolds (D:1)
  A rat (D:2)
24 creatures vanquished.

Notes
Turn   | Place    | Note
-------+----------+-------------------------------------------
     0 | D:1      | VirginKiller the Demigod Skald began the quest for the Orb.
     0 | D:1      | Reached XP level 1. HP: 17/17 MP: 5/5
   139 | D:1      | Reached skill level 3 in Charms
   377 | D:1      | Reached XP level 2. HP: 20/24 MP: 4/7
   384 | D:1      | Learned a level 2 spell: Song of Slaying
   484 | D:2      | HP: 1/24 [poisoned by an adder]
   533 | D:2      | Found a glowing golden altar of the Shining One.
   603 | D:2      | Reached XP level 3. HP: 11/29 MP: 0/8
   611 | D:2      | Learned a level 3 spell: Regeneration
   676 | D:2      | Noticed Sigmund
   697 | D:2      | Slain by Sigmund

Vault maps used:
D:1:      dpeg_arrival_lava_altar, hangedman_abyss_or_decor_lesser_grid
D:2:      tso_metal_star, minmay_misc_feat_doors, uniq_sigmund

Skill      XL: |  1  2 |
---------------+-------+-----
Charms         | 3 |  3.7
Spellcasting   | 2 |  2.1
Fighting       | |  1.7
Armour         | |  0.8
Dodging        | |  1.7
Unarmed Combat | |  1.7
Necromancy     | |  0.4

Action                   || total
-------------------------++-------
Melee: Unarmed           ||   122
 Cast: Infusion          ||    14
       Regeneration      ||     1
       Song of Slaying   ||     1
  Use: Potion            ||     1
Armor: Leather armour    ||    48
Dodge: Dodged            ||    78

Table legend:
 A = Spawn XP
 B = Non-spawn XP
 C = Spawn XP percentage of total XP
 D = Spawn monster count
 E = Non-spawn monster count
 F = Spawn count percentage of total count
 G = Total turns spent on level
                    A         B        C        D         E        F      G
               +---------+---------+-------+---------+---------+-------+---------
         Total |       0 |      61 |   0.0 |       0 |      24 |   0.0 |   697
               +---------+---------+-------+---------+---------+-------+---------
           D:1 |       0 |      18 |   0.0 |       0 |      12 |   0.0 |   466
           D:2 |       0 |      43 |   0.0 |       0 |      12 |   0.0 |   231
               +---------+---------+-------+---------+---------+-------+---------
